 Dungeon Sprint DCSS version 0.17.2-1-ge4368a0 (webtiles) character file.

1421 mopl the Unseen (level 8, -1/37 HPs)
             Began as a Spriggan Assassin on Aug 23, 2016.
             Was an Initiate of Trog.
             Slain by a hell hog (17 damage)
             ... in the Dungeon (Sprint II: "The Violet Keep of Menkaure").
             The game lasted 00:02:58 (229 turns).

mopl the Unseen (Spriggan Assassin)                  Turns: 229, Time: 00:02:58

Health: -1/37      AC:  3    Str:  7    XL:     8   Next: 44%
Magic:  10/14      EV: 17    Int: 12    God:    Trog [......]
Gold:   442        SH:  0    Dex: 20    Spells: 0 memorised, 7 levels left

rFire  . . .     SeeInvis +     a - +2 dagger
rCold  . . .     Clarity  .     c - +0 robe
rNeg   . . .     SustAt   .     (shield restricted)
rPois  +         Gourm    .     (helmet restricted)
rElec  .         Spirit   .     d - +0 cloak
rCorr  .         Warding  .     (gloves unavailable)
rMut   .         NoTele   +     (boots unavailable)
MR     +....                    (no amulet)
Stlth  +++.......               o - ring of poison resistance
                                n - ring of invisibility

@: liquid flames, very slightly contaminated, glowing, invisible (but backlit
and visible), very quick, somewhat resistant to hostile enchantments, fairly
stealthy
A: unfitting armour, see invisible, herbivore 3, speed 3, slow metabolism 2
a: Burn Spellbooks, Renounce Religion, Turn Visible


You were in the Dungeon.
You worshipped Trog.
Trog was noncommittal.
You were not hungry.

You visited 1 branch You collected 972 gold pieces.
You spent 530 gold pieces at shops.

Inventory:

Hand Weapons
 a - a +2 dagger (weapon)
 b - a +0 blowgun
Missiles
 e - 6 poisoned needles
Armour
 c - a +0 robe (worn)
 d - a +0 cloak (worn)
Jewellery
 n - a ring of invisibility (left hand)
 o - a ring of poison resistance (right hand)
Scrolls
 m - a scroll of blinking
Potions
 h - a potion of curing
 i - a potion of heal wounds
 j - a potion of haste
 k - 2 potions of magic
 l - a potion of berserk rage {!q}
Comestibles
 g - a bread ration


   Skills:
 + Level 1.5 Fighting
 + Level 2.1 Short Blades
 * Level 14.2 Throwing
 - Level 1.5 Dodging
 + Level 16.0 Stealth
 + Level 7.4 Evocations


You had 7 spell levels left.
You didn't know any spells.

Dungeon Overview and Level Annotations

Branches:
Dungeon (1/1)

Altars:
Cheibriados
Dithmenos
Elyvilon
Fedhas
Gozag
Kikubaaqudgha
Makhleb
Nemelex Xobeh
Okawaru
Qazlal
Ru
Sif Muna
Trog
Vehumet
Xom
Yredelemnul
Zin
The Shining One
Beogh
Jiyva
Lugonu

Shops:
D !:([:?=[(?=[(}%!

Annotations:
D exclusion: oklob plant


Innate Abilities, Weirdness & Mutations

You are tiny and cannot use many weapons and most armour.
You have supernaturally acute eyesight.
You are a herbivore.
You cover ground extremely quickly.
You need consume almost no food.


Message History

The sticky flame hits you!
You are covered in liquid flames!
You hit the hell hog.
The hell hog is moderately wounded.
You are covered in liquid flames!
The hell hog bites you.
You hit the hell hog.
The hell hog is moderately wounded.
You are covered in liquid flames!
The hell hog sprays you with burning goo.
The sticky flame hits you!
You are covered in liquid flames!
You hit the hell hog but do no damage.
The hell hog is moderately wounded.
You are covered in liquid flames!
You closely miss the hell hog.
The hell hog is moderately wounded.
You are covered in liquid flames!
The hell hog bites you!
You die...

§z§.§≈ z§§z ... +++#+++## ..
........# .. .##'##..# #.
##.#.##.#### +.### #.##.†#....#
...# ###..####..#####..#
#▓%()?[!? ###'###.##..#((h@.#
#▓?%!(??$$ .##.##.#.#..#.$#^.#
#▓((!"[)?$
.'.<.'###'..####..####▓$$[!?[[!
.##.##.#.#....###...##▓▓▓▓▓▓▓+
###'###.##......≈≈≈≈≈≈≈≈≈≈≈≈≈.
###.#####≈≈.§...≈#'########+##
#††#..#≈≈≈≈§≈§..≈#_._.....#≈≈≈#
##.#.##§≈≈≈≈§≈≈.≈#._._†...#≈§§≈#
≈##+##≈≈≈≈≈§§§§≈≈#_._._...#≈≈§§§


You could see a hell hog.

Vanquished Creatures
  A hell hog (D)
  A siren (D)
  2 hippogriffs (D)
  Menkaure (D)
  A crocodile (D)
  4 worker ants (D)
  3 worms (D)
13 creatures vanquished.

Notes
Turn   | Place    | Note
--------------------------------------------------------------
     0 | D        | mopl the Spriggan Assassin began the quest for the Orb.
     0 | D        | Reached XP level 1. HP: 10/10 MP: 2/2
     1 | D        | Noticed a worker ant
     1 | D        | Noticed a worker ant
     3 | D        | Noticed a worker ant
     3 | D        | Noticed a worker ant
     4 | D        | Killed a worker ant
     4 | D        | Reached skill level 4 in Throwing
     4 | D        | Reached skill level 7 in Stealth
     4 | D        | Reached XP level 2. HP: 14/14 MP: 3/3
     5 | D        | Killed a worker ant
     5 | D        | Reached skill level 6 in Throwing
     5 | D        | Reached skill level 8 in Stealth
     5 | D        | Reached XP level 3. HP: 18/18 MP: 4/4
     7 | D        | Killed a worker ant
     7 | D        | Reached skill level 9 in Stealth
     7 | D        | Reached XP level 4. HP: 22/22 MP: 5/5
    14 | D        | Killed a worker ant
    14 | D        | Reached skill level 7 in Throwing
    22 | D        | Noticed a hippogriff
    22 | D        | Noticed a hippogriff
    38 | D        | Noticed a siren
    41 | D        | Killed a siren
    41 | D        | Reached skill level 11 in Throwing
    41 | D        | Reached skill level 13 in Stealth
    41 | D        | Reached XP level 5. HP: 25/25 MP: 6/6
    41 | D        | Reached XP level 6. HP: 30/30 MP: 7/7
    54 | D        | Noticed an obsidian statue
    70 | D        | Noticed a flying skull
    71 | D        | Noticed a flying skull
    71 | D        | Noticed a flying skull
    71 | D        | Noticed a flying skull
    71 | D        | Noticed a flying skull
    71 | D        | Noticed a flying skull
    77 | D        | Noticed a flying skull
    77 | D        | Noticed a flying skull
    77 | D        | Noticed a flying skull
    77 | D        | Noticed a flying skull
    77 | D        | Noticed a flying skull
    77 | D        | Noticed a flying skull
    77 | D        | Noticed Menkaure
    79 | D        | Killed Menkaure
    79 | D        | Reached skill level 12 in Throwing
    79 | D        | Reached skill level 14 in Stealth
    79 | D        | Reached XP level 7. HP: 33/33 MP: 8/8
    81 | D        | Found Ocisi's Food Boutique.
    81 | D        | Found Vadece's Distillery.
    82 | D        | Found Pisheuza's Antique Armour Shop.
    82 | D        | Found Funiluipic's Antique Weapon Boutique.
    82 | D        | Found Gucuest's Gadget Shop.
    83 | D        | Found Zaahexoh's Weapon Shop.
    83 | D        | Found Haakkol's Magic Scroll Boutique.
    83 | D        | Found Takeitto's Antique Armour Boutique.
    83 | D        | Found Kehuruev's Jewellery Shop.
    84 | D        | Found Nietta's Jewellery Boutique.
    84 | D        | Found Okaidd's Magic Scroll Boutique.
    84 | D        | Found Siddocs's Book Shop.
    87 | D        | Found Eson's Antique Armour Boutique.
    87 | D        | Found Sugh's Weapon Shop.
    87 | D        | Noticed a great orb of eyes
    87 | D        | Noticed an oklob plant
    88 | D        | Found Jowk's Book Shoppe.
    88 | D        | Found Hehupeo's Distillery.
    92 | D        | Noticed a griffon
    93 | D        | Bought an uncursed ring of invisibility for 330 gold pieces
    94 | D        | Noticed a griffon
    95 | D        | Noticed a griffon
    99 | D        | Bought an uncursed ring of poison resistance for 200 gold pieces
   146 | D        | Killed a hippogriff
   146 | D        | Reached skill level 3 in Evocations
   151 | D        | Killed a hippogriff
   151 | D        | Reached skill level 13 in Throwing
   151 | D        | Reached skill level 4 in Evocations
   163 | D        | Found a glowing silver altar of Zin.
   163 | D        | Found an ancient bone altar of Kikubaaqudgha.
   164 | D        | Found a stormy altar of Qazlal.
   164 | D        | Found a bloodstained altar of Trog.
   164 | D        | Found a sacrificial altar of Ru.
   165 | D        | Found a glowing golden altar of the Shining One.
   165 | D        | Found a white marble altar of Elyvilon.
   165 | D        | Found a deep blue altar of Sif Muna.
   165 | D        | Found a radiant altar of Vehumet.
   166 | D        | Found a roughly hewn altar of Beogh.
   166 | D        | Found a shimmering altar of Xom.
   166 | D        | Found a blossoming altar of Fedhas.
   167 | D        | Found an opulent altar of Gozag.
   167 | D        | Found a burning altar of Makhleb.
   168 | D        | Found an iron altar of Okawaru.
   168 | D        | Found a corrupted altar of Lugonu.
   171 | D        | Found a snail-covered altar of Cheibriados.
   171 | D        | Found a shadowy altar of Dithmenos.
   171 | D        | Found a sparkling altar of Nemelex Xobeh.
   172 | D        | Found a basalt altar of Yredelemnul.
   172 | D        | Found a viscous altar of Jiyva.
   173 | D        | Noticed a crocodile
   176 | D        | Became a worshipper of Trog the Wrathful
   183 | D        | Noticed an electric eel
   184 | D        | Noticed an electric eel
   184 | D        | Noticed an electric eel
   185 | D        | Noticed an electric eel
   200 | D        | Killed a crocodile
   216 | D        | Noticed a hell hog
   217 | D        | Noticed a hell hog
   218 | D        | Killed a hell hog
   218 | D        | Reached skill level 14 in Throwing
   218 | D        | Reached skill level 16 in Stealth
   218 | D        | Reached skill level 7 in Evocations
   218 | D        | Reached XP level 8. HP: 37/37 MP: 11/14
   229 | D        | Slain by a hell hog

Action                   |  1- 3 |  4- 6 |  7- 9 || total
-------------------------+-------+-------+-------++-------
Melee: Dagger            |     3 |     6 |    14 ||    23
 Fire: Blowgun           |       |     3 |     9 ||    12
 Abil: Evoke Invisibilit |       |       |     2 ||     2
 Stab: Sleeping          |     3 |     5 |     1 ||     9
       Invisible         |       |       |     3 ||     3
